Cogmind - Beta 14 @@@ ROGUE MODE // 2025.01.03 @ 09:26:45 // Winter2021/Sauler Player: Demo Result: Destroyed by D9-IDG(R) with Subdweller Laser Performance ------------- Evolutions (0) 0 Regions Visited (3) 600 Robots Destroyed (0) 0 Value Destroyed (0) 0 Prototype IDs (0) 0 Alien Tech Used (0) 0 Bonus (0) 0 TOTAL SCORE: 600 Bonus ------- None Cogmind --------- Core Integrity 0/250 Matter 164/300 Energy 98/100 System Corruption 1% Temperature Cool (6) Movement Core (50) Location -10/Subcaves Parts ------- > --- POWER (1) -------- (None) > --- PROPULSION (2) --- (None) > --- UTILITY (2) ------ Targeting Computer Targeting Computer > --- WEAPON (2) ------- (None) > --- INVENTORY (5) ---- Huge Storage Unit High-capacity Matter Pod (0) Targeting Computer Weapon Shielding Peak State ------------ > --- POWER ------------ (None) > --- PROPULSION ------- Light Treads Light Treads > --- UTILITY ---------- Targeting Computer Targeting Computer > --- WEAPON ----------- Small Laser Small Laser > --- INVENTORY -------- Huge Storage Unit High-capacity Matter Pod Targeting Computer Weapon Shielding Grenade Launcher [Rating: 6] Favorites ----------- Power None Propulsion Light Treads Treads Light Treads Utility Targeting Computer Processor Targeting Computer Weapon Small Laser Energy Gun Small Laser Launcher Grenade Launcher Special Weapon Mining Laser Build | -11 -10 -10 -10 ------- Run | Yrd Mat Min Sub Slots Evolved . | . . . . Power . | . . . . Propulsion . | . . . . Utility . | . . . . Weapon . | . . . . Parts Attached 9 | 2 5 . 2 Power . | . . . . Engine . | . . . . Core . | . . . . Reactor . | . . . . Propulsion 2 | 2 . . . Treads 2 | 2 . . . Leg . | . . . . Wheel . | . . . . Hover . | . . . . Flight . | . . . . Utility 2 | . 2 . . Device . | . . . . Storage . | . . . . Processor 2 | . 2 . . Hackware . | . . . . Protection . | . . . . Artifact . | . . . . Weapon 5 | . 3 . 2 Energy Gun 2 | . 2 . . Energy Cannon . | . . . . Ballistic Gun . | . . . . Ballistic Cannon . | . . . . Launcher 2 | . . . 2 Special Weapon 1 | . 1 . . Impact Weapon . | . . . . Slashing Weapon . | . . . . Piercing Weapon . | . . . . Special Melee Weapon . | . . . . Unidentified Prototypes . | . . . . Parts Lost 5 | . . . 5 Power . | . . . . Propulsion 2 | . . . 2 Utility . | . . . . Weapon 3 | . . . 3 Highest Loss Streak 4 | . . . 4 To Critical Strikes . | . . . . Average Slot Usage (%) 73 | . 64 85 71 Treads 24 | . 28 28 22 Processor 26 | . 21 28 28 Energy Gun 11 | . 14 14 10 Special Weapon 8 | . . 14 9 Peak Build Rating 6 | 2 6 6 6 Average Rating 5 | 1 4 6 5 On Entrance 3 | . 2 6 6 Naked Turns . | . . . . Heaviest Build 4 | . 2 2 4 Greatest Support 3 | 3 3 3 3 Greatest Overweight (x) 1 | . . . 1 Average Overweight (x) . | . . . . Largest Inventory Capacity 5 | 5 5 5 5 Average Capacity 5 | 5 5 5 5 Most Carried 5 | . 5 5 5 Average Carried 4 | . 3 5 4 Final Capacity 5 | 5 5 5 5 Final Carried 5 | . 5 5 4 Class Distribution -------------------- 100% | Mutant Dominant Class ---------------- Mutant | -10/Materials Mutant | -10/Mines Mutant | -10/Subcaves Resources | -11 -10 -10 -10 ----------- Run | Yrd Mat Min Sub Matter Collected 149 | . . . 149 Remotely . | . . . . Salvage Created . | . . . . Parts . | . . . . Haulers Intercepted . | . . . . Recyclers Shooed . | . . . . Parts Field Recycled . | . . . . Retrieved Matter . | . . . . Parts Self-Destructed 4 | . . . 4 Prevented . | . . . . Kills | -11 -10 -10 -10 ------- Run | Yrd Mat Min Sub Combat Hostiles Destroyed . | . . . . Classes Destroyed . | . . . . Best Kill Streak . | . . . . Combat Bots Only . | . . . . Max Kills in Single Turn . | . . . . Gunslinging . | . . . . Exploded . | . . . . Melee . | . . . . Uniques/NPCs Destroyed . | . . . . Combat | -11 -10 -10 -10 -------- Run | Yrd Mat Min Sub Hostile Shots Fired 49 | . . . 49 Missed 21 | . . . 21 Damage Taken 721 | . . . 721 Core 258 | . . . 258 Absorbed by Shields . | . . . . Core Remaining (%) 100 | 100 . . . Volleys Fired 12 | . 2 7 3 Largest 2 | . 2 1 1 Hottest 100 | . 80 100 100 Shots Fired 15 | . 4 7 4 Gun 5 | . 4 . 1 Cannon . | . . . . Launcher 2 | . . . 2 Special 8 | . . 7 1 Kinetic . | . . . . Thermal 13 | . 4 7 2 Explosive 2 | . . . 2 Electromagnetic . | . . . . Robot Hit Streak 3 | . 2 . 3 Robot Miss Streak 1 | . 1 . . Penetration Max . | . . . . Secondary Targets . | . . . . Shots Hit Robots 4 | . 3 . 1 Core Hits . | . . . . Critical Kills . | . . . . Critical Parts Destroyed . | . . . . Critical Strikes . | . . . . Melee Attacks . | . . . . Impact . | . . . . Slashing . | . . . . Piercing . | . . . . Sneak Attacks . | . . . . Combat Hostiles . | . . . . Follow-up Attacks . | . . . . Damage Inflicted 153 | . 32 . 121 Guns 32 | . 32 . . Cannons . | . . . . Explosions 121 | . . . 121 Melee . | . . . . Ramming . | . . . . Kinetic . | . . . . Thermal 32 | . 32 . . Explosive 121 | . . . 121 Electromagnetic . | . . . . Impact . | . . . . Slashing . | . . . . Piercing . | . . . . Highest Corruption 1 | . 1 1 1 Average Corruption 1 | . 1 1 1 Corruption Purged . | . . . . Corruption Blocked . | . . . . Effects 5 | . . . 5 Message Errors 2 | . . . 2 Energy Discharges 1 | . . . 1 Data Loss (minor) 1 | . . . 1 Misfires 1 | . . . 1 Overload Shots . | . . . . Overflow Damage . | . . . . Projectiles . | . . . . Explosions . | . . . . Melee . | . . . . Knockbacks . | . . . . Impact . | . . . . Kinetic . | . . . . Secondary . | . . . . Self-Inflicted Damage 20 | . . . 20 Shots 1 | . . . 1 Rammed . | . . . . Targets Rammed . | . . . . Kicked . | . . . . Crushed . | . . . . Highest Temperature 6 | . 6 . . Average Temperature 3 | . 3 . . Received Heat Transfer 135 | . . . 135 Siege Activations . | . . . . Robots Corrupted . | . . . . Combat Hostiles . | . . . . Parts Fried . | . . . . Impact Corruptions . | . . . . Robots Melted . | . . . . Combat Hostiles . | . . . . Parts Melted . | . . . . Heat Transferred 75 | . 75 . . Parts Sabotaged . | . . . . Parts Stolen . | . . . . Parts Stripped . | . . . . Power Chain Reactions . | . . . . Alert | -11 -10 -10 -10 ------- Run | Yrd Mat Min Sub Peak Influence 15 | . 15 5 . Initial 5 | . . 5 . Average 7 | . 11 5 . Maximum Alert Level . | . . . . Low Security (%) 100 | 100 100 100 . Level 1 . | . . . . Level 2 . | . . . . Level 3 . | . . . . Level 4 . | . . . . Level 5 . | . . . . High Security . | . . . . Max Security . | . . . . Squads Dispatched . | . . . . Investigation . | . . . . Extermination . | . . . . Reinforcement . | . . . . Assault . | . . . . Garrison . | . . . . Intercept . | . . . . Searches Triggered . | . . . . Construction Impeded . | . . . . Haulers Reinforced . | . . . . Active Scanning Responses . | . . . . Cargo Convoy Interrupts . | . . . . Stealth | -11 -10 -10 -10 --------- Run | Yrd Mat Min Sub Distress Signals . | . . . . Communications Jammed . | . . . . Distress Signals . | . . . . Times Spotted 22 | . 2 . 20 Peak Tracking Total 8 | . 2 . 8 Tactical Retreats 6 | . . . 6 Traps | -11 -10 -10 -10 ------- Run | Yrd Mat Min Sub Traps Triggered 1 | . 1 . . Indirectly . | . . . . Trap Hack Attempts . | . . . . Triggered . | . . . . Disarmed . | . . . . Reprogrammed . | . . . . Reused . | . . . . Traps Extracted . | . . . . Installed 1 | . . . 1 Triggered . | . . . . Machines | -11 -10 -10 -10 ---------- Run | Yrd Mat Min Sub Machines Disabled . | . . . . Max in Single Turn . | . . . . Machines Repaired . | . . . . Machines Dismantled . | . . . . Machines Sabotaged . | . . . . Overloaded Fab Kills . | . . . . Hacking | -11 -10 -10 -10 --------- Run | Yrd Mat Min Sub Machines Accessed 2 | . 1 . 1 Terminals 1 | . 1 . . Fabricators . | . . . . Repair Stations . | . . . . Recycling Units . | . . . . Scanalyzers . | . . . . Garrison Access . | . . . . Total Hacks 7 | . 3 . 4 Successful 4 | . . . 4 Failed 3 | . 3 . . Catastrophic 1 | . 1 . . Database Lockouts . | . . . . Manual 3 | . 3 . . Terminals 3 | . 3 . . Fabricators . | . . . . Repair Stations . | . . . . Recycling Units . | . . . . Scanalyzers . | . . . . Garrison Access . | . . . . Terminal Hacks 4 | . . . 4 Record 4 | . . . 4 Fabricator Hacks . | . . . . Repair Station Hacks . | . . . . Recycling Unit Hacks . | . . . . Scanalyzer . | . . . . Garrison Access Hacks . | . . . . Unauthorized Hacks . | . . . . Terminals . | . . . . Fabricators . | . . . . Repair Stations . | . . . . Recycling Units . | . . . . Scanalyzers . | . . . . Garrison Access . | . . . . Data Cores Recovered . | . . . . Used . | . . . . Hacking Detections 1 | . 1 . . Full Trace Events 1 | . 1 . . Feedback Events . | . . . . Feedback Blocked . | . . . . Robot Schematics Acquired . | . . . . Robots Built . | . . . . Authchips . | . . . . Time . | . . . . Total Robot Build Rating . | . . . . Part Schematics Acquired . | . . . . Parts Built . | . . . . Authchips . | . . . . Time . | . . . . Total Part Build Rating . | . . . . Parts Repaired . | . . . . Time . | . . . . Parts Recycled . | . . . . Recycled Matter . | . . . . Retrieved Matter . | . . . . Retrieved Components . | . . . . Parts Scanalyzed . | . . . . Part Schematics Acquired . | . . . . Parts Damaged . | . . . . Bothacking | -11 -10 -10 -10 ------------ Run | Yrd Mat Min Sub Used RIF Installer . | . . . . Robots Hacked . | . . . . Non-combat . | . . . . Combat . | . . . . Robot Hacks Applied . | . . . . Relay Couplers Released . | . . . . Fabnet Peak Effective % . | . . . . Robots Rewired . | . . . . Allies Hacked . | . . . . Hacks Repelled . | . . . . Allies | -11 -10 -10 -10 -------- Run | Yrd Mat Min Sub Total Allies . | . . . . Largest Group . | . . . . Highest-Rated Group . | . . . . Highest-Rated Ally . | . . . . Total Orders . | . . . . Ally Attacks . | . . . . Total Damage . | . . . . Kills . | . . . . Allies Corrupted . | . . . . Allies Melted . | . . . . Intel | -11 -10 -10 -10 ------- Run | Yrd Mat Min Sub Robot Analysis Total . | . . . . Derelict Logs Recovered 2 | . . 2 . Drone Launches . | . . . . Drone Recoveries . | . . . . Exploration | -11 -10 -10 -10 ------------- Run | Yrd Mat Min Sub Turns Passed 542 | 12 96 107 327 Spaces Moved 869 | 19 147 114 589 Core 869 | 19 147 114 589 Treads . | . . . . Legs . | . . . . Wheels . | . . . . Hover . | . . . . Flight . | . . . . Fastest Speed 50 | 50 50 50 50 Average Speed 50 | 50 50 50 51 Slowest Speed 100 | 50 50 50 100 Overloaded Moves . | . . . . Propulsion Burnouts . | . . . . Robots Hopped . | . . . . Cave-ins Triggered . | . . . . Exploration Rate (%) 34 | 3 33 42 58 Regions Visited 3 Branch Regions 2 Pre-discovered Areas . | . . . . Known Exits Taken . | . . . . Unknown Exits Taken 3 | 1 1 1 . Scrap Searched . | . . . . Spaces Dug 1 | . . 1 . Terrain Destroyed 10 | . . 1 9 Melee . | . . . . Projectile 1 | . . 1 . AOE 9 | . . . 9 Terrain Rammed . | . . . . Walls Destroyed . | . . . . Machines Disabled . | . . . . Actions | -11 -10 -10 -10 --------- Run | Yrd Mat Min Sub Total 936 | 20 163 142 611 Wait 39 | . 2 22 15 Move 866 | 18 146 113 589 Hop . | . . . . Pick Up 6 | . 6 . . Fast Attach 7 | 2 5 . . Attach 2 | . . . 2 Detach 1 | . . . 1 Swap . | . . . . Drop 2 | . 2 . . Fire 12 | . 2 7 3 Melee . | . . . . Ram . | . . . . Kick . | . . . . Crush . | . . . . Escape Stasis . | . . . . Rewire . | . . . . Trap 1 | . . . 1 Miscellaneous . | . . . . Route ------- -11/Scrapyard -10/Materials -10/Mines -10/Subcaves (discovered 2 exits: [*Mat x2]) History --------- Turn | Location | Event 6 | -11/Scrapyard | Discovered new exit (range 15) 13 | -11/Scrapyard | Entered Materials 83 | -10/Materials | Discovered new exit (range 13) 109 | -10/Materials | Entered Mines 212 | -10/Mines | Discovered new exit (range 3) 216 | -10/Mines | Entered Subcaves 242 | -10/Subcaves | A swath of the cavern ceiling suddenly collapsed 252 | -10/Subcaves | Shifting Twisted Machinery released Shrapnel Trap 260 | -10/Subcaves | Shifting Twisted Machinery released Flamer 318 | -10/Subcaves | Build established: Mutant 339 | -10/Subcaves | Discovered new exit (range 12) 341 | -10/Subcaves | Disturbed a concealed Subdweller 358 | -10/Subcaves | Shifting Twisted Machinery released Battle Cannon 363 | -10/Subcaves | Shifting Twisted Machinery released Spk. Treads 453 | -10/Subcaves | Core integrity fell below 50% 463 | -10/Subcaves | Discovered new exit (range 15) 470 | -10/Subcaves | Visited Clippyterm 472 | -10/Subcaves | Learned Factory trap positions 472 | -10/Subcaves | Learned Research security intel 487 | -10/Subcaves | Lost 4 parts (1n3w) 488 | -10/Subcaves | A swath of the cavern ceiling suddenly collapsed 536 | -10/Subcaves | Core integrity fell below 20% 543 | -10/Subcaves | Destroyed by D9-IDG(R) with Subdweller Laser Last Messages --------------- It looks like you're afraid of the consquences of stepping on the wrong spot, would you like help? Data stored: Factory trap records. >>Record! "0b10 Defenses" It looks like you're afraid of guards, would you like help? Data stored: Research security intel. >>Record! "SUBCON Basin" It looks like you want to play with dangerous UFD tech. While I can't recommend taking subatomizers out of the Subcaves, I can warn that doing so is a one-way ticket to summoning unimaginable chaos on any area not hardened against them. That includes... just about anywhere. A swath of the cavern ceiling suddenly collapses. 00530_ System corrupted: Energy discharge (-30). 00532_ Lgt. Treads destroyed. Map ----- +----------------------------------------------------+ | ????????????## ####?????????????????????????## ? | | ????????????# #?????????????????????????# # | | ????????????### ##???????????????????????### | | ??????????????# ##??????????????????????# ### | | ?????????????## ###????????????????????# | | ?????????????# ##???????????????????# | | ?????????????# ## #???????????????????# | | ????????????## #### ##?????????# ???????# | | ????????????# #### #????????? ????### | | ????????????# ## #????????? #???## | | ????????????## ### ##????????? #???# | | ?????????????## ## ####??????? ##### | | ??????????????## ####???? ?# # | | ???????????????# ##### ?# ## | | ???????????????### R ## #??## #?# | | ?????????????????## ###R #????###??# | | ??????????????###?## #### #????????## | | ??????????????# ######## ## ##????????# | | ??????????????# ##???# ##?# #???????### | | ???????????????# ##??# #??# R ##?###### | | ????????????????# #### ##### ### # # | | ????????????????# ### R | | ????????????????# ## | | ????????????????## # ### | | ?????????????????####### ## ###?# | | ???????????????????????##@ ### #???# # | | ????????????????????????# ## ##?## #???#### | | ???????????????????????# ### ##???####????# | | ??????????????????????# #?## #???????????# | | ?????????????????????# #?? ##??????????? | | ?????????????????????## ? ???????????? | | ??????????????????????# ??????????? ## | | ??????????????????????# # # ?????????##?? | | ??????????????????????## #######?# ???????????? | | ???????????????????????###?????????####??????????? | | ?????????????????????????????????????????????????? | | ?????????????????????????????????????????????????? | | ?????????????????????????????????????????????????? | | ?????????????????????????????????????????????????? | | ?????????????????????????????????????????????????? | | ?????????????????????????????????????????????????? | | ?????????????????????????????????????????????????? | | ?????????????????????????????????????????????????? | | ?????????????????????????????????????????????????? | | ?????????????????????????????????????????????????? | | ?????????????????????????????????????????????????? | | ?????????????????????????????????????????????????? | | ?????????????????????????????????????????????????? | | ?????????????????????????????????????????????????? | | | +----------------------------------------------------+ Best States ------------- Heat Dissipation 25 Energy Generation 5 Energy Capacity 100 Matter Stores 179 Matter Capacity 300 Sight Range 16 Terrain Scan Density 10 Evasion (%) 50 Targeting Accuracy 10 Item Schematics ----------------- None Robot Schematics ------------------ None Fabricated ------------ Nothing Alien Tech Used ----------------- None Achievements -------------- None Challenges ------------ None Game ------ Seed ThermalEnhancedNullifier Manual? 0 Play Time 00:07:21 Cumulative 115.7 hours Start 2025.01.03 @ 09:18:50 End 2025.01.03 @ 09:26:45 Sessions 1 Manual Loads 0 Difficulty Rogue Special Mode Winter2021/Sauler Game No. 136 Rogue 136 Adventurer 0 Explorer 0 Win Type - Total 1 Types 1/0/0/0/0/0/0/0/0 Lore% 48 Gallery% 66 Achievement% 52 Wizard Run 0 Options --------- Layout 1 ASCII 0 Keyboard 0 Movement Numpad Keybinds 0 Fullscreen 1 Font 24/Smallcaps Map View 50x35 Zoom Use 0% Tactical HUD 1 Map Filters NONE Filters NONE Steam 1 RUN: f402cb09-937a-49ec-9630-9a1f5d97cb42